 Dungeon Crawl Stone Soup version 0.28-a0-32-g8dfe7f97f6 (webtiles) character file.

Game seed: 11264335794062945799

751 Demosthentine the Poker (level 7, -2/56 HPs)
             Began as a Merfolk Gladiator on July 28, 2021.
             Was a Believer of Zin.
             Slain by a human zombie (6 damage)
             ... in an ossuary.
             The game lasted 00:03:37 (3942 turns).

Demosthentine the Poker (Merfolk Gladiator)         Turns: 3942, Time: 00:03:37

Health: -2/56      AC:  5    Str: 16    XL:     7   Next: 78%
Magic:  7/7        EV: 14    Int:  8    God:    Zin [**....]
Gold:   98         SH:  0    Dex: 15    Spells: 6/6 levels left

rFire   . . .      SeeInvis .   a - +0 trident
rCold   . . .      Faith    .   (no shield)
rNeg    . . .      Spirit   .   b - +0 leather armour
rPois   .          Reflect  .   c - +0 helmet
rElec   .          Harm     .   n - +0 cloak
rCorr   .          Rampage  .   (no gloves)
Will    .....                   (no boots)
Stlth   +.........              f - amulet of the acrobat
HPRegen 0.18/turn               (no ring)
MPRegen 0.10/turn               (no ring)

@: no status effects
A: (nimble swimmer 2), mertail
a: Renounce Religion, Recite, Vitalisation, Donate Gold


You were in an ossuary.
You worshipped Zin.
Zin was pleased with you.
You visited 1 branch of the dungeon, and saw 4 of its levels.
You also visited: Ossuary.

You collected 182 gold pieces.
You spent 66 gold pieces at shops.
You donated 18 gold pieces to Zin.

Inventory:

Hand Weapons
 a - a +0 trident (weapon)
Missiles
 d - 4 throwing nets (quivered)
Armour
 b - a +0 leather armour (worn)
 c - a +0 helmet (worn)
 n - a +0 cloak (worn)
Jewellery
 f - an amulet of the acrobat (around neck)
Potions
 e - a potion of mutation
 i - a potion of might {unknown}
 l - a potion of heal wounds {unknown}
 m - a potion of haste {unknown}


   Skills:
 + Level 5.0 Fighting
 + Level 7.4 Polearms
 - Level 2.0 Throwing
 + Level 2.8 Armour
 + Level 6.7 Dodging


You had 6 spell levels left.
You didn't know any spells.
Your spell library contained the following spells:

 Spells                   Type           Power      Damage    Failure   Level
 Foxfire                  Conj/Fire      0%         2x1d4     45%         1
 Conjure Flame            Conj/Fire      0%         6-21      83%         3
 Inner Flame              Hex/Fire       0%         N/A       83%         3


Dungeon Overview and Level Annotations

Branches:
Dungeon (4/15)            Ossuary (1/1)
 Temple: D:4-7

Altars:
Cheibriados
Nemelex Xobeh
Ru
Xom
Zin

Shops:
D:4 (


Innate Abilities, Weirdness & Mutations

((You are quick and stealthy near water. (Stealth+, EV+, Speed+++)))
Your lower body shifts to a powerful aquatic tail in water.


Message History

The centaur zombie is severely damaged.
You feel sick. The centaur zombie closely misses you.
The centaur zombie barely misses you.
You hit the centaur zombie.
The centaur zombie is severely damaged.
You feel sick.
The centaur zombie hits you but does no damage.
The centaur zombie kicks you but does no damage.
You hit the centaur zombie.
The centaur zombie is severely damaged.
You feel sick. The centaur zombie barely misses you.
The centaur zombie kicks you.
* * * LOW HITPOINT WARNING * * *
The centaur zombie hits you.
* * * LOW HITPOINT WARNING * * *
The centaur zombie kicks you but does no damage.
You feel better. The centaur zombie closely misses you.
The centaur zombie kicks you but does no damage.
You hit the centaur zombie.
The centaur zombie is severely damaged.
The centaur zombie closely misses you.
The centaur zombie kicks you but does no damage.
You hit the centaur zombie.
The centaur zombie is almost destroyed.
The centaur zombie hits you but does no damage.
The centaur zombie barely misses you.
You puncture the centaur zombie!
You destroy the centaur zombie!
Zin accepts your kill.
Your Fighting skill increases to level 5!
You hit the human zombie.
The human zombie is lightly damaged.
The human zombie hits you.
* * * LOW HITPOINT WARNING * * *
You hit the human zombie.
The human zombie is lightly damaged.
You hit the human zombie.
The human zombie is moderately damaged.
The human zombie hits you.
You die...

+...8...+ #.s.....
##+###8...8#########
#!!?#.......#...#...
#!.?#..Z8...#...8...
#!?M# #...#.......
##########'###8...8#
#...#...#...#.......
#..@Z...'...#...8...
#...#...#...#...#...
##'###########'#####
#.....#.....#...#...
#.....#.....†...#...
#.....8.....#†..#...
#...........######8.
#...........#M.M#...
###8.....8###...#...


You could see a mummy and a human zombie.

Vanquished Creatures
  Sigmund (D:4)
  5 scorpions (Ossuary)
  A centaur zombie (Ossuary)
  Crazy Yiuf (D:3)
  A hound (D:4)
  A jelly (D:4)
  Jessica (D:3)
  2 scorpion zombies (Ossuary)
  4 adders
  2 dart slugs
  4 orcs (D:4)
  4 ball pythons
  6 endoplasms
  4 giant cockroaches
  A gnoll zombie (Ossuary)
  5 goblins
  4 hobgoblins
  9 jackals
  6 kobolds
  A quokka (D:4)
  8 bats
  2 frilled lizards
  A goblin zombie (Ossuary)
  A hobgoblin zombie (Ossuary)
  An orc zombie (Ossuary)
  4 rats
  2 rat zombies (D:4)
82 creatures vanquished.

Vanquished Creatures (others)
  A demonic plant (D:1)
  2 withered plants (D:1)
3 creatures vanquished.

Grand Total: 85 creatures vanquished

Notes
Turn   | Place    | Note
-------+----------+-------------------------------------------
     0 | D:1      | Demosthentine the Merfolk Gladiator began the quest for the
                  | Orb.
     0 | D:1      | Reached XP level 1. HP: 16/16 MP: 1/1
   115 | D:1      | Reached XP level 2. HP: 23/23 MP: 2/2
   385 | D:1      | Reached XP level 3. HP: 28/28 MP: 3/3
   512 | D:1      | Found a faded altar of an unknown god.
   813 | D:1      | Reached skill level 5 in Polearms
  1222 | D:2      | Reached skill level 1 in Armour
  1224 | D:2      | Reached XP level 4. HP: 31/35 MP: 4/4
  2128 | D:3      | Found a glowing silver altar of Zin.
  2134 | D:3      | Noticed Jessica
  2135 | D:3      | Found a sacrificial altar of Ru.
  2144 | D:3      | Killed Jessica
  2145 | D:3      | Reached skill level 5 in Dodging
  2145 | D:3      | Reached XP level 5. HP: 22/41 MP: 5/5
  2164 | D:3      | Became a worshipper of Zin the Law-Giver
  2164 | D:3      | Reached * piety under Zin
  2360 | D:3      | Found a snail-covered altar of Cheibriados.
  2713 | D:3      | Found a runed translucent door.
  2714 | D:3      | Noticed Crazy Yiuf
  2861 | D:3      | Killed Crazy Yiuf
  2947 | D:3      | Reached ** piety under Zin
  2987 | D:4      | Found a shimmering altar of Xom.
  3104 | D:4      | Found Istruloxt's Weapon Emporium.
  3113 | D:4      | Bought 2 throwing nets for 66 gold pieces
  3126 | D:4      | Found a sparkling altar of Nemelex Xobeh.
  3259 | D:4      | Reached skill level 6 in Polearms
  3259 | D:4      | Reached XP level 6. HP: 46/48 MP: 6/6
  3263 | D:4      | Noticed Sigmund
  3279 | D:4      | Killed Sigmund
  3290 | D:4      | Found a sand-covered staircase.
  3303 | Ossuary  | Entered an ossuary
  3379 | Ossuary  | Reached XP level 7. HP: 34/55 MP: 7/7
  3644 | Ossuary  | Reached skill level 7 in Polearms
  3940 | Ossuary  | Reached skill level 5 in Fighting
  3942 | Ossuary  | Slain by a human zombie

Illustrated notes

Levels and vault maps discovered:
D:1:      shiori_arrival_oz, layout_basic, shapermc_ecumenical_altar_gd,
          st_stairs_12, columned_hall_lemuel
D:2:      layout_loops_cross
D:3:      layout_basic, mainiacjoe_overflow_alcove_1, lemuel_tele_altar,
          mainiacjoe_overflow_cross_hatched, uniq_crazy_yiuf_cottage,
          uniq_jessica
D:4:      layout_basic, kennysheep_ying_yang, nemelex_xobeh_ov_fountains_minmay,
          nicolae_uskayaw_dance_hall, lemuel_round_altar, xom_teletrap_fun,
          enter_ossuary_4, serial_shops, shop, uniq_sigmund
Ossuary:  ossuary_minmay_scorpions

Skill      XL: |  1  2  3  4  5  6  7 |
---------------+----------------------+-----
Polearms       | 5 6 7 |  7.4
Armour         | 1 2 |  2.8
Fighting       | 3 4 5 |  5.0
Dodging        | 5 6 |  6.7
Throwing       | |  2.0

Action                   |  1- 3 |  4- 6 |  7- 9 || total
-------------------------+-------+-------+-------++-------
Melee: Trident           |    88 |   131 |    88 ||   307
Throw: Throwing net      |       |     2 |       ||     2
  Use: Scroll            |     1 |     6 |       ||     7
       Potion            |       |       |     3 ||     3
 Stab: Sleeping          |     3 |     1 |       ||     4
Armor: Leather armour    |    19 |    26 |    26 ||    71
Dodge: Dodged            |    60 |    77 |    87 ||   224

Table legend: (Time is in decaauts)
 A = Elapsed time spent in this place.
 B = Non-inter-level travel time spent in this place.
 C = Inter-level travel time spent in this place.
 D = Time resting spent in this place.
 E = Time spent auto-exploring this place.
 F = Levels seen in this place.
 G = Mean time per level.
                   A        B        C        D        E       F      G
               +--------+--------+--------+--------+--------+-----+--------+
         Total |   3944 |   3899 |     45 |      0 |   3202 |   5 |  788.8 |
       Dungeon |   3311 |   3266 |     45 |      0 |   2702 |   4 |  827.8 |
       Ossuary |    633 |    633 |      0 |      0 |    500 |   1 |  633.0 |
               +--------+--------+--------+--------+--------+-----+--------+

Top non-repeatable levels by time:
     D:1: 1084 daAuts
     D:2: 991 daAuts
     D:3: 915 daAuts
 Ossuary: 633 daAuts
     D:4: 319 daAuts
